General information
- name: BNet
- type: Ladder team game (AT/RT)
- host: Battle.net
- saver: IM_BAD_AT_THIS
map: FullScaleAssault
- players: 8
- length: 22:46
- speed: Fast
- version: 1.26 W3XP
- replay type: Public
» download(139 KB)
Players
team 1 (winner)
BigSlick-AK (
blue | 49 APM | 1105 actions | 22:46)
6 Mountain King
3 Storm Bolt
2 Bash
1 Avatar
4 Paladin
2 Holy Light
2 Divine Shield
» actions
| Assign group hotkey | 14 | |
| Basic commands | 92 | |
| Build / train | 75 | |
| ESC pressed | 1 | |
| Enter build submenu | 26 | |
| Enter hero's abilities submenu | 10 | |
| Give item / drop item | 5 | |
| Right click | 299 | |
| Select / deselect | 172 | |
| Select group hotkey | 339 | |
| Use ability | 72 | |
1105 total
» units
| Peasant | 17 | |
| Rifleman | 12 | |
| Goblin Zeppelin | 3 | |
| Mortar Team | 4 | |
| Siege Engine | 4 | |
40 total
» upgrades
| Gunpowder | 3 | |
| Armor | 1 | |
| Masonry | 1 | |
| Lumber Harvesting | 2 | |
| Long Rifles | 1 | |
| Plating | 3 | |
| Fragmentation Shards | 1 | |
| Barrage | 1 | |
13 total
» buildings
| Altar of Kings | 1 | |
| Farm | 13 | |
| Blacksmith | 1 | |
| Barracks | 1 | |
| Arcane Vault | 1 | |
| Town Hall | 1 | |
| Scout Tower | 4 | |
| Arcane Tower | 1 | |
| Lumber Mill | 1 | |
| Keep | 1 | |
| Guard Tower | 3 | |
| Castle | 1 | |
| Workshop | 2 | |
31 total
» build order
00:05 Altar of Kings
00:09 Farm
00:49 Blacksmith
01:15 Barracks
01:29 Farm
02:00 Farm
02:05 Arcane Vault
02:54 Farm
04:16 Farm
05:11 Town Hall
05:16 Scout Tower
05:49 Arcane Tower
05:53 Scout Tower
05:59 Lumber Mill
07:42 Keep
08:07 Guard Tower
08:15 Scout Tower
08:43 Guard Tower
08:46 Scout Tower
08:55 Farm
09:37 Guard Tower
09:44 Farm
10:08 Castle
10:12 Workshop
10:22 Workshop
12:09 Farm
12:29 Farm
13:38 Farm
13:41 Farm
16:26 Farm
18:41 Farm
» items
| Lesser Clarity Potion | 1 | |
| Scroll of Town Portal | 2 | |
| Boots of Speed | 1 | |
4 total

»
krokoff (
pink | 22 APM | 491 actions | 22:46)
5 Blademaster
3 Critical Strike
2 Wind Walk
» actions
| Build / train | 66 | |
| Enter build submenu | 25 | |
| Enter hero's abilities submenu | 5 | |
| Give item / drop item | 1 | |
| Right click | 221 | |
| Select / deselect | 127 | |
| Use ability | 46 | |
491 total
» units
| Peon | 16 | |
| Troll Witch Doctor | 5 | |
| Shaman | 5 | |
| Troll Headhunter/Berserker | 7 | |
| Wind Rider | 3 | |
36 total
» upgrades
| Ranged Weapons | 3 | |
| Armor | 2 | |
| Melee Weapons | 2 | |
| Spiked Barricades | 3 | |
| Witch Doctor Training | 2 | |
| Shaman Training | 2 | |
| Reinforced Defenses | 1 | |
| Troll Regeneration | 1 | |
| Berserker Upgrade | 1 | |
| Envenomed Spears | 1 | |
18 total
» buildings
| Orc Burrow | 9 | |
| Altar of Storms | 1 | |
| War Mill | 1 | |
| Stronghold | 1 | |
| Barracks | 1 | |
| Voodoo Lounge | 1 | |
| Fortress | 1 | |
| Spirit Lodge | 1 | |
| Watch Tower | 7 | |
| Great Hall | 1 | |
| Beastiary | 2 | |
26 total
» build order
00:34 Orc Burrow
01:59 Orc Burrow
02:08 Altar of Storms
03:03 War Mill
03:05 Stronghold
03:12 Barracks
03:30 Voodoo Lounge
04:45 Orc Burrow
05:46 Fortress
05:52 Orc Burrow
07:56 Orc Burrow
08:49 Spirit Lodge
10:22 Orc Burrow
11:47 Orc Burrow
12:50 Orc Burrow
13:49 Orc Burrow
15:24 Watch Tower
15:32 Watch Tower
15:35 Watch Tower
15:38 Watch Tower
16:12 Watch Tower
16:17 Watch Tower
16:21 Watch Tower
17:59 Great Hall
18:36 Beastiary
18:39 Beastiary
» items
| Orb of Lightning | 1 | |
| Potion of Healing | 2 | |
| Tiny Great Hall | 1 | |
4 total

»
saraiva (
purple | 82 APM | 1859 actions | 22:46)
3 Demon Hunter
2 Immolation
1 Evasion
2 Priestess of the Moon
1 Trueshot Aura
1 Searing Arrows
» actions
| Assign group hotkey | 21 | |
| Basic commands | 5 | |
| Build / train | 78 | |
| Enter build submenu | 34 | |
| Enter hero's abilities submenu | 5 | |
| Give item / drop item | 1 | |
| Remove unit from queue | 2 | |
| Right click | 624 | |
| Select / deselect | 318 | |
| Select group hotkey | 715 | |
| Use ability | 56 | |
1859 total
» units
| Wisp | 32 | |
| Archer | 11 | |
| Dryad | 5 | |
| Chimaera | 3 | |
51 total
» upgrades
| Strength of the Wild | 3 | |
| Abolish Magic | 1 | |
| Corrosive Breath | 1 | |
| Reinforced Hides | 1 | |
6 total
» buildings
| Ancient of War | 1 | |
| Altar of Elders | 1 | |
| Moon Well | 9 | |
| Tree of Ages | 1 | |
| Tree of Life | 1 | |
| Hunter's Hall | 1 | |
| Ancient Protector | 8 | |
| Ancient of Lore | 4 | |
| Tree of Eternity | 1 | |
| Ancient of Wind | 1 | |
| Chimaera Roost | 2 | |
| Ancient of Wonders | 1 | |
31 total
» build order
00:50 Ancient of War
00:52 Altar of Elders
01:11 Moon Well
01:16 Moon Well
02:28 Moon Well
03:53 Tree of Ages
05:23 Tree of Life
05:32 Hunter's Hall
06:51 Ancient Protector
06:54 Ancient Protector
06:58 Ancient Protector
07:20 Ancient of Lore
07:23 Ancient of Lore
07:27 Ancient of Lore
07:34 Ancient of Lore
08:03 Ancient Protector
08:50 Ancient Protector
10:01 Tree of Eternity
10:19 Moon Well
10:23 Moon Well
11:12 Ancient of Wind
12:22 Moon Well
12:29 Chimaera Roost
12:32 Chimaera Roost
12:56 Moon Well
13:23 Moon Well
16:20 Ancient Protector
16:22 Ancient Protector
16:25 Ancient Protector
16:32 Ancient of Wonders
18:42 Moon Well
» items
| Scroll of Protection | 1 | |
| Boots of Speed | 1 | |
| Scroll of Town Portal | 3 | |
5 total
naxho.m (
red | 22 APM | 497 actions | 22:46)
4 Lich
2 Frost Nova
1 Dark Ritual
1 Frost Armor
» actions
| Build / train | 61 | |
| Enter build submenu | 18 | |
| Enter hero's abilities submenu | 4 | |
| Give item / drop item | 1 | |
| Remove unit from queue | 1 | |
| Right click | 231 | |
| Select / deselect | 144 | |
| Use ability | 37 | |
497 total
» units
| Acolyte | 3 | |
| Ghoul | 6 | |
| Meatwagon | 5 | |
| Necromancer | 17 | |
31 total
» upgrades
| Unholy Strength | 3 | |
| Unholy Armor | 3 | |
| Creature Attack | 1 | |
| Necromancer Training | 2 | |
| Skeletal Longevity | 1 | |
| Exhume Corpses | 1 | |
| Skeletal Mastery | 1 | |
12 total
» buildings
| Altar of Darkness | 1 | |
| Ziggurat | 9 | |
| Crypt | 1 | |
| Graveyard | 1 | |
| Halls of the Dead | 1 | |
| Spirit Tower | 5 | |
| Black Citadel | 1 | |
| Temple of the Damned | 1 | |
| Slaughterhouse | 1 | |
| Sacrificial Pit | 1 | |
| Tomb of Relics | 1 | |
| Necropolis | 1 | |
24 total
» build order
00:10 Altar of Darkness
00:15 Ziggurat
01:23 Crypt
01:28 Ziggurat
01:47 Graveyard
02:05 Ziggurat
03:06 Ziggurat
05:05 Halls of the Dead
05:10 Ziggurat
05:38 Spirit Tower
07:34 Spirit Tower
07:40 Ziggurat
07:48 Ziggurat
08:59 Black Citadel
09:05 Temple of the Damned
10:03 Slaughterhouse
11:17 Spirit Tower
11:32 Sacrificial Pit
11:37 Ziggurat
11:44 Tomb of Relics
13:53 Spirit Tower
16:25 Ziggurat
18:52 Necropolis
19:36 Spirit Tower
» items
| Scroll of Regeneration | 1 | |
| Lesser Clarity Potion | 1 | |
| Periapt of Vitality | 1 | |
| Circlet of Nobility | 1 | |
4 total
team 2 (loser)
Mahney (
green | 45 APM | 1029 actions | 22:46)
5 Mountain King
3 Storm Bolt
2 Bash
3 Archmage
2 Blizzard
1 Brilliance Aura
» actions
| Assign group hotkey | 25 | |
| Build / train | 79 | |
| Enter build submenu | 33 | |
| Enter hero's abilities submenu | 8 | |
| Give item / drop item | 5 | |
| Remove unit from queue | 3 | |
| Right click | 229 | |
| Select / deselect | 196 | |
| Select group hotkey | 392 | |
| Use ability | 59 | |
1029 total
» units
| Peasant | 7 | |
| Footman | 6 | |
| Goblin Shredder | 1 | |
| Gryphon Rider | 7 | |
| Knight | 4 | |
| Priest | 4 | |
29 total
» upgrades
| Masonry | 3 | |
| Swords | 3 | |
| Plating | 3 | |
| Armor | 3 | |
| Animal War Training | 1 | |
| Magic Sentry | 1 | |
| Priest Training | 2 | |
| Storm Hammers | 1 | |
17 total
» buildings
| Altar of Kings | 1 | |
| Farm | 14 | |
| Barracks | 1 | |
| Lumber Mill | 1 | |
| Scout Tower | 8 | |
| Arcane Tower | 2 | |
| Arcane Vault | 1 | |
| Town Hall | 1 | |
| Keep | 1 | |
| Blacksmith | 1 | |
| Castle | 1 | |
| Gryphon Aviary | 2 | |
| Arcane Sanctum | 1 | |
| Guard Tower | 5 | |
40 total
» build order
00:14 Altar of Kings
00:23 Farm
00:31 Farm
00:39 Barracks
00:52 Lumber Mill
01:31 Farm
02:08 Scout Tower
02:36 Farm
02:44 Arcane Tower
03:16 Farm
03:54 Arcane Vault
05:40 Town Hall
05:51 Farm
05:52 Keep
07:23 Blacksmith
08:21 Castle
08:26 Gryphon Aviary
08:31 Gryphon Aviary
08:47 Farm
09:35 Scout Tower
09:50 Arcane Sanctum
10:09 Guard Tower
10:12 Scout Tower
10:44 Scout Tower
10:45 Guard Tower
11:13 Arcane Tower
11:19 Farm
12:21 Farm
13:14 Farm
13:59 Farm
15:35 Farm
16:30 Farm
17:27 Farm
18:57 Scout Tower
19:24 Guard Tower
19:26 Scout Tower
19:57 Guard Tower
19:59 Scout Tower
21:53 Guard Tower
21:56 Scout Tower
» items
| Scroll of Regeneration | 2 | |
| Lesser Clarity Potion | 3 | |
| Boots of Speed | 2 | |
| Potion of Lesser Invulnerability | 1 | |
| Periapt of Vitality | 1 | |
| Orb of Fire | 1 | |
| Scroll of Town Portal | 2 | |
12 total
viper25 (
yellow | 54 APM | 1193 actions | 22:14)
6 Mountain King
3 Storm Bolt
1 Thunder Clap
1 Bash
1 Avatar
» actions
| Assign group hotkey | 45 | |
| Build / train | 87 | |
| Enter build submenu | 22 | |
| Enter hero's abilities submenu | 6 | |
| Remove unit from queue | 1 | |
| Right click | 365 | |
| Select / deselect | 308 | |
| Select group hotkey | 321 | |
| Use ability | 38 | |
1193 total
» units
| Peasant | 15 | |
| Footman | 3 | |
| Rifleman | 19 | |
| Mortar Team | 16 | |
| Priest | 12 | |
65 total
» upgrades
| Gunpowder | 3 | |
| Flare | 1 | |
| Armor | 2 | |
| Priest Training | 2 | |
| Fragmentation Shards | 1 | |
| Long Rifles | 1 | |
| Lumber Harvesting | 1 | |
11 total
» buildings
| Altar of Kings | 1 | |
| Farm | 11 | |
| Barracks | 1 | |
| Lumber Mill | 1 | |
| Blacksmith | 1 | |
| Keep | 1 | |
| Workshop | 1 | |
| Arcane Sanctum | 1 | |
| Town Hall | 1 | |
| Castle | 1 | |
20 total
» build order
00:25 Altar of Kings
00:43 Farm
00:52 Barracks
01:08 Lumber Mill
01:27 Farm
02:03 Farm
02:37 Blacksmith
02:55 Farm
03:36 Farm
03:38 Keep
04:18 Farm
05:00 Farm
05:51 Farm
06:26 Workshop
06:46 Farm
07:30 Farm
07:34 Arcane Sanctum
08:45 Town Hall
11:21 Castle
14:20 Farm
» items
IM_BAD_AT_THIS (
teal | 61 APM | 1399 actions | 22:46)
4 Pandaren Brewmaster
2 Breath of Fire
2 Drunken Haze
3 Keeper of the Grove
2 Entangling Roots
1 Thorns Aura
2 Naga Sea Witch
1 Frost Arrows
1 Forked Lightning
» actions
| Assign group hotkey | 28 | |
| Basic commands | 128 | |
| Build / train | 82 | |
| ESC pressed | 5 | |
| Enter build submenu | 22 | |
| Enter hero's abilities submenu | 9 | |
| Give item / drop item | 2 | |
| Right click | 325 | |
| Select / deselect | 440 | |
| Select group hotkey | 278 | |
| Use ability | 78 | |
1399 total
» units
| Wisp | 27 | |
| Archer | 20 | |
| Blue Dragon | 1 | |
48 total
» upgrades
| Strength of the Wild | 1 | |
| Improved Bows | 1 | |
| Strength of the Moon | 3 | |
| Moon Armor | 3 | |
| Marksmanship | 1 | |
| Well Spring | 1 | |
| Nature's Blessing | 1 | |
| Ultravision | 1 | |
12 total
» buildings
| Altar of Elders | 1 | |
| Moon Well | 6 | |
| Ancient of War | 2 | |
| Ancient of Wonders | 1 | |
| Tree of Ages | 1 | |
| Hunter's Hall | 1 | |
| Tree of Life | 1 | |
| Tree of Eternity | 1 | |
| Ancient Protector | 7 | |
21 total
» build order
00:06 Altar of Elders
00:16 Moon Well
00:27 Ancient of War
02:10 Moon Well
03:22 Moon Well
03:31 Ancient of Wonders
03:59 Tree of Ages
04:19 Hunter's Hall
04:49 Moon Well
05:53 Ancient of War
07:42 Tree of Life
08:34 Tree of Eternity
12:40 Ancient Protector
12:57 Ancient Protector
13:49 Ancient Protector
13:54 Ancient Protector
13:58 Ancient Protector
14:05 Ancient Protector
16:52 Ancient Protector
18:52 Moon Well
18:54 Moon Well
» items
| Potion of Healing | 4 | |
| Staff of Preservation | 1 | |
| Scroll of Town Portal | 3 | |
8 total
mike318 (
orange | 41 APM | 647 actions | 15:43)
4 Archmage
2 Blizzard
2 Brilliance Aura
» actions
| Basic commands | 26 | |
| Build / train | 38 | |
| Enter build submenu | 11 | |
| Enter hero's abilities submenu | 4 | |
| Right click | 283 | |
| Select / deselect | 223 | |
| Use ability | 62 | |
647 total
» units
| Peasant | 11 | |
| Rifleman | 8 | |
| Goblin Zeppelin | 1 | |
| Goblin Shredder | 1 | |
21 total
» upgrades
| Gunpowder | 2 | |
| Armor | 2 | |
| Long Rifles | 1 | |
5 total
» buildings
| Farm | 21 | |
| Altar of Kings | 1 | |
| Arcane Vault | 1 | |
| Blacksmith | 1 | |
| Barracks | 2 | |
| Keep | 1 | |
| Castle | 1 | |
| Town Hall | 1 | |
| Scout Tower | 4 | |
| Arcane Tower | 1 | |
34 total
» build order
00:15 Farm
00:15 Farm
00:23 Altar of Kings
01:07 Arcane Vault
01:42 Farm
02:01 Blacksmith
02:45 Barracks
02:46 Barracks
03:06 Farm
03:06 Farm
03:07 Farm
03:08 Farm
03:08 Farm
03:09 Farm
03:10 Farm
03:11 Farm
03:12 Farm
03:12 Farm
03:13 Farm
03:13 Farm
03:14 Farm
03:14 Farm
03:15 Farm
07:30 Keep
10:44 Castle
13:00 Town Hall
13:07 Scout Tower
13:07 Scout Tower
13:08 Scout Tower
13:09 Scout Tower
14:43 Arcane Tower
» items
| Scroll of Regeneration | 2 | |
| Lesser Clarity Potion | 1 | |
| Boots of Speed | 1 | |
4 total
Chat log
(00:09 / Allies) Mahney: foot to gryph
(09:41 / Allies) IM_BAD_AT_THIS: lets'g et the red
(11:00 / Allies) viper25: fuck u couldnt pick harder mobs lol
(15:15 / Allies) viper25: rdy to hit?
(15:24 / Allies) mike318: help or i leave
(15:26 / Allies) IM_BAD_AT_THIS: are we not kinda alreadty doing that?
(15:30 / Allies) IM_BAD_AT_THIS: really?
(15:31 / Allies) IM_BAD_AT_THIS: lol
(15:35 / Allies) mike318: 1
(15:36 / Allies) mike318: 2
(15:37 / Allies) mike318: 3
(15:38 / Allies) IM_BAD_AT_THIS: hahah
(15:41 / Allies) IM_BAD_AT_THIS: you're pathetic man
(15:48 / Allies) Mahney: wtf
(15:50 / Allies) viper25: wtf
(16:04 / Allies) IM_BAD_AT_THIS: what
(16:12 / Allies) IM_BAD_AT_THIS: i didn't want to encourge something that stupid
(16:35 / Allies) IM_BAD_AT_THIS: if he would rather not play than learn to defend himself, then that's his problem.
(17:00 / Allies) IM_BAD_AT_THIS: omw again yellow
(17:34 / Allies) IM_BAD_AT_THIS: nice
(17:54 / Allies) IM_BAD_AT_THIS: tp yellow
(17:58 / Allies) IM_BAD_AT_THIS: damn
(18:33 / Allies) IM_BAD_AT_THIS: yeah that didn't quite even out.
(19:33 / Allies) IM_BAD_AT_THIS: gettin a dragon
(20:03 / Allies) IM_BAD_AT_THIS: it's really goin down now
(20:06 / Allies) IM_BAD_AT_THIS: for them
(20:07 / Allies) IM_BAD_AT_THIS: i hoep
(20:54 / Allies) IM_BAD_AT_THIS: oh
(20:56 / Allies) IM_BAD_AT_THIS: thought green was here too
(22:33 / All) IM_BAD_AT_THIS: alright gg